[ AOE2 MATCH · #495339681 ]
UnrankedChinese vs Khmer
Player's team · WIN
Rival team · LOSS
[ REPLAY ANALYSIS · EXTRACTED FROM THE RECORDED GAME ]
Feudal
9:36
Castle
25:36
Imperial
39:39
| APM avg | 54.1 |
| APM peak | 88 |
| eAPM avg | 27.9 |
| Villagers / military | 202 / 126 |
Focus
⚔️ 36.5% · 🌾 63.5%
Scout Cavalry ×67 · Chu Ko Nu ×32 · Fire Lancer ×12 · Monk ×7 · Trebuchet (Packed) ×5 · Knight ×2
Feudal
10:45
Castle
22:40
Imperial
42:58
| APM avg | 38.6 |
| APM peak | 82 |
| eAPM avg | 21.1 |
| Villagers / military | 131 / 75 |
Focus
⚔️ 32.7% · 🌾 67.3%
Ballista Elephant ×31 · Scout Cavalry ×20 · Archer ×13 · Battle Elephant ×5 · Trebuchet (Packed) ×4 · Monk ×2
Match map
Initial resources + every placement click. Lines = walls · curves = elevation contours. ◆ gold · ⬟ stone · ● berries · ✦ relic · ◌ wall gap
Your base· Open — unwalled flank
DS_Le Cuack |Youtube Twitch|'s base· Open — unwalled flank
Smoothed initial terrain · ◌ = detected wall gap · hover for details
Inputs per minute
— Malelf - - DS_Le Cuack |Youtube Twitch|
Build order — Malelf
First 150 of 551 actions detected
| 0:00 | Research | Loom |
| 0:45 | Create | Villager (Male) |
| 1:17 | Create | Villager (Male) |
| 1:58 | Create | Villager (Male) |
| 2:15 | Create | Villager (Male) |
| 2:35 | Build | Lumber Camp |
| 2:40 | Create | Villager (Male) |
| 2:55 | Create | Villager (Male) |
| 3:21 | Create | Villager (Male) |
| 3:46 | Build | House |
| 3:49 | Create | Villager (Male) |
| 4:05 | Create | Villager (Male) |
| 4:19 | Create | Villager (Male) |
| 4:55 | Create | Villager (Male) |
| 5:11 | Build | Mill |
| 5:14 | Create | Villager (Male) |
| 5:45 | Create | Villager (Male) |
| 5:50 | Build | House |
| 6:22 | Create | Villager (Male) |
| 6:55 | Create | Villager (Male) |
| 7:26 | Research | Feudal Age |
| 7:28 | Build | Barracks |
| 7:51 | Build | House |
| 8:01 | Build | Mill |
| 8:04 | Create | Villager (Male) |
| 8:23 | Create | Villager (Male) |
| 9:25 | Build | House |
| 9:29 | Build | House |
| 9:36 | Age | Feudal Age |
| 9:37 | Build | Stable |
| 9:38 | Create | Spearman |
| 9:40 | Research | Double-Bit Axe |
| 9:41 | Research | Horse Collar |
| 10:02 | Create | Villager (Male) |
| 10:18 | Create | Scout Cavalry |
| 10:18 | Create | Scout Cavalry |
| 10:23 | Build | House |
| 10:30 | Build | Farm |
| 10:33 | Build | Farm |
| 10:45 | Build | Farm |
| 10:49 | Build | Farm |
| 10:50 | Create | Villager (Male) |
| 10:59 | Create | Scout Cavalry |
| 11:08 | Build | Palisade Wall |
| 11:17 | Create | Villager (Male) |
| 11:20 | Build | Farm |
| 11:23 | Build | Farm |
| 11:23 | Build | Farm |
| 11:34 | Create | Villager (Male) |
| 11:36 | Create | Villager (Male) |
| 11:41 | Build | Watch Tower |
| 11:52 | Build | House |
| 11:59 | Create | Scout Cavalry |
| 12:03 | Build | Farm |
| 12:14 | Build | Farm |
| 12:22 | Create | Villager (Male) |
| 12:26 | Build | House |
| 12:43 | Create | Scout Cavalry |
| 12:55 | Build | Watch Tower |
| 13:03 | Build | Farm |
| 13:05 | Build | Farm |
| 13:08 | Create | Villager (Male) |
| 13:12 | Build | Farm |
| 13:18 | Create | Villager (Male) |
| 13:32 | Build | House |
| 13:33 | Build | House |
| 13:44 | Build | Mining Camp |
| 13:46 | Create | Villager (Male) |
| 13:46 | Create | Villager (Male) |
| 13:55 | Create | Villager (Male) |
| 13:59 | Create | Villager (Male) |
| 14:10 | Build | House |
| 14:11 | Build | Palisade Wall |
| 14:12 | Create | Villager (Male) |
| 14:16 | Build | Palisade Wall |
| 14:17 | Build | Palisade Wall |
| 14:22 | Create | Villager (Male) |
| 14:35 | Build | Mining Camp |
| 14:35 | Create | Villager (Male) |
| 14:42 | Create | Villager (Male) |
| 14:46 | Create | Scout Cavalry |
| 14:51 | Create | Villager (Male) |
| 14:58 | Create | Scout Cavalry |
| 15:08 | Create | Villager (Male) |
| 15:18 | Create | Villager (Male) |
| 15:29 | Create | Scout Cavalry |
| 15:31 | Create | Villager (Male) |
| 15:43 | Build | Blacksmith |
| 15:45 | Create | Villager (Male) |
| 15:50 | Build | Watch Tower |
| 15:57 | Create | Scout Cavalry |
| 15:58 | Create | Villager (Male) |
| 16:00 | Build | Farm |
| 16:11 | Build | Farm |
| 16:13 | Build | House |
| 16:14 | Create | Villager (Male) |
| 16:21 | Create | Scout Cavalry |
| 16:30 | Create | Villager (Male) |
| 16:38 | Create | Villager (Male) |
| 16:57 | Build | Mining Camp |
| 16:58 | Create | Villager (Male) |
| 17:00 | Create | Villager (Male) |
| 17:05 | Create | Scout Cavalry |
| 17:07 | Build | House |
| 17:12 | Research | Scale Barding Armor |
| 17:16 | Build | Farm |
| 17:23 | Create | Villager (Male) |
| 17:28 | Create | Scout Cavalry |
| 17:30 | Create | Villager (Male) |
| 17:37 | Build | House |
| 17:46 | Create | Villager (Male) |
| 17:50 | Build | House |
| 17:53 | Build | Palisade Wall |
| 17:58 | Create | Villager (Male) |
| 18:14 | Build | Watch Tower |
| 18:25 | Research | Bloodlines |
| 18:26 | Create | Villager (Male) |
| 18:34 | Build | House |
| 18:36 | Build | Lumber Camp |
| 18:44 | Create | Villager (Male) |
| 18:58 | Create | Scout Cavalry |
| 19:08 | Create | Villager (Male) |
| 19:22 | Create | Villager (Male) |
| 19:26 | Build | Farm |
| 19:30 | Create | Villager (Male) |
| 19:51 | Build | House |
| 19:56 | Build | Palisade Wall |
| 20:03 | Build | Watch Tower |
| 20:08 | Create | Scout Cavalry |
| 20:08 | Create | Scout Cavalry |
| 20:13 | Research | Wheelbarrow |
| 20:14 | Research | Wheelbarrow |
| 20:20 | Create | Villager (Male) |
| 20:30 | Create | Villager (Male) |
| 20:32 | Build | Palisade Wall |
| 20:36 | Create | Villager (Male) |
| 20:39 | Create | Villager (Male) |
| 20:54 | Build | Watch Tower |
| 20:55 | Create | Villager (Male) |
| 20:57 | Create | Scout Cavalry |
| 20:59 | Create | Villager (Male) |
| 21:02 | Build | House |
| 21:09 | Create | Villager (Male) |
| 21:21 | Build | Farm |
| 21:22 | Build | Farm |
| 21:23 | Build | Farm |
| 21:31 | Build | Market |
| 21:37 | Build | House |
| 21:42 | Build | Lumber Camp |
| 21:51 | Create | Villager (Male) |
Build order — DS_Le Cuack |Youtube Twitch|
First 150 of 353 actions detected
| 0:03 | Create | Villager (Male) ×4 |
| 0:03 | Create | Villager (Male) ×4 |
| 0:05 | Build | House |
| 0:06 | Build | House |
| 1:33 | Create | Villager (Male) |
| 2:14 | Create | Villager (Male) |
| 2:14 | Create | Villager (Male) |
| 2:18 | Build | Lumber Camp |
| 2:39 | Create | Villager (Male) |
| 2:40 | Create | Villager (Male) |
| 3:08 | Create | Villager (Male) |
| 3:08 | Create | Villager (Male) |
| 3:08 | Create | Villager (Male) |
| 3:45 | Create | Villager (Male) |
| 3:50 | Build | House |
| 4:18 | Create | Villager (Male) |
| 4:24 | Create | Villager (Male) |
| 4:24 | Create | Villager (Male) |
| 4:36 | Build | Mill |
| 5:06 | Build | House |
| 5:13 | Create | Villager (Male) |
| 5:13 | Create | Villager (Male) |
| 5:38 | Create | Villager (Male) |
| 5:39 | Create | Villager (Male) |
| 5:58 | Create | Villager (Male) |
| 6:25 | Create | Villager (Male) |
| 6:55 | Create | Villager (Male) |
| 6:55 | Create | Villager (Male) |
| 7:27 | Build | Mining Camp |
| 7:44 | Create | Villager (Male) |
| 7:44 | Research | Loom |
| 8:26 | Research | Feudal Age |
| 8:29 | Build | Mill |
| 8:47 | Build | Palisade Wall |
| 8:48 | Build | Palisade Wall |
| 9:21 | Create | Villager (Male) |
| 9:27 | Create | Villager (Male) |
| 10:14 | Build | House |
| 10:32 | Build | Farm |
| 10:35 | Build | Farm |
| 10:38 | Build | Farm |
| 10:39 | Create | Villager (Male) |
| 10:45 | Age | Feudal Age |
| 10:46 | Build | Archery Range |
| 10:48 | Create | Villager (Male) |
| 10:49 | Research | Double-Bit Axe |
| 11:03 | Build | House |
| 11:06 | Create | Villager (Male) |
| 11:10 | Build | Farm |
| 11:22 | Build | Palisade Wall |
| 11:28 | Build | Palisade Wall |
| 11:30 | Build | Palisade Wall |
| 11:33 | Build | Palisade Wall |
| 11:37 | Create | Archer |
| 11:38 | Create | Archer |
| 11:42 | Create | Villager (Male) |
| 11:43 | Create | Villager (Male) |
| 11:46 | Create | Villager (Male) |
| 11:48 | Build | Farm |
| 11:49 | Create | Archer |
| 11:54 | Create | Villager (Male) |
| 12:11 | Create | Villager (Male) |
| 12:14 | Build | Farm |
| 12:15 | Create | Archer |
| 12:20 | Build | House |
| 12:39 | Create | Villager (Male) |
| 12:41 | Build | House |
| 12:57 | Create | Archer |
| 13:05 | Create | Villager (Male) |
| 13:07 | Create | Archer |
| 13:18 | Create | Villager (Male) |
| 13:24 | Build | House |
| 13:26 | Build | Palisade Wall |
| 13:43 | Build | Blacksmith |
| 13:51 | Create | Villager (Male) |
| 14:07 | Create | Archer |
| 14:22 | Create | Archer |
| 14:27 | Build | House |
| 14:42 | Build | Farm |
| 14:44 | Build | Farm |
| 14:46 | Create | Villager (Male) |
| 15:00 | Create | Villager (Male) |
| 15:02 | Build | Farm |
| 15:10 | Research | Fletching |
| 15:16 | Build | Mining Camp |
| 15:28 | Create | Villager (Male) |
| 15:30 | Create | Villager (Male) |
| 15:47 | Create | Villager (Male) |
| 15:51 | Build | House |
| 16:01 | Build | Watch Tower |
| 16:11 | Create | Villager (Male) |
| 16:30 | Create | Villager (Male) |
| 16:48 | Create | Archer |
| 16:55 | Build | Farm |
| 16:56 | Create | Villager (Male) |
| 17:00 | Build | Farm |
| 17:02 | Build | Farm |
| 17:04 | Build | Farm |
| 17:06 | Create | Archer |
| 17:11 | Build | House |
| 17:30 | Create | Archer |
| 17:39 | Build | Mining Camp |
| 17:53 | Create | Villager (Male) |
| 18:04 | Create | Archer |
| 18:18 | Create | Villager (Male) |
| 18:31 | Create | Archer |
| 19:23 | Build | Stable |
| 19:35 | Build | Farm |
| 19:39 | Research | Horse Collar |
| 19:56 | Research | Scale Barding Armor |
| 20:00 | Research | Castle Age |
| 20:16 | Build | Watch Tower |
| 20:20 | Build | Farm |
| 21:19 | Build | Stable |
| 21:56 | Create | Villager (Male) |
| 22:11 | Build | Farm |
| 22:14 | Research | Forging |
| 22:37 | Build | House |
| 22:40 | Age | Castle Age |
| 22:41 | Build | Farm |
| 22:46 | Build | Castle |
| 22:52 | Create | Battle Elephant |
| 22:53 | Create | Battle Elephant |
| 22:59 | Create | Villager (Male) |
| 23:32 | Build | Market |
| 23:35 | Create | Villager (Male) |
| 23:57 | Create | Villager (Male) |
| 23:57 | Create | Villager (Male) |
| 24:05 | Build | House |
| 24:25 | Create | Battle Elephant |
| 24:25 | Create | Battle Elephant |
| 24:25 | Create | Battle Elephant |
| 24:37 | Build | House |
| 24:45 | Create | Villager (Male) |
| 24:55 | Create | Villager (Male) |
| 25:53 | Build | Farm |
| 25:57 | Create | Villager (Male) |
| 25:58 | Create | Villager (Male) |
| 25:59 | Build | Farm |
| 26:14 | Create | Villager (Male) |
| 26:27 | Create | Villager (Male) |
| 26:31 | Create | Villager (Male) |
| 26:41 | Create | Villager (Male) |
| 26:51 | Build | Palisade Wall |
| 26:52 | Build | Palisade Wall |
| 27:07 | Create | Villager (Male) |
| 27:11 | Create | Villager (Male) |
| 27:15 | Research | Bloodlines |
| 27:23 | Create | Ballista Elephant |
| 27:33 | Create | Villager (Male) |
Match timeline
| 7:28 | Malelf · first_building Barracks |
| 8:47 | DS_Le Cuack |Youtube Twitch| · wall_segment Palisade Wall x1 |
| 8:48 | DS_Le Cuack |Youtube Twitch| · wall_segment Palisade Wall x1 |
| 9:36 | Malelf · age_up feudal |
| 9:37 | Malelf · first_building Stable |
| 10:45 | DS_Le Cuack |Youtube Twitch| · age_up feudal |
| 10:46 | DS_Le Cuack |Youtube Twitch| · first_building Archery Range |
| 11:08 | Malelf · wall_segment Palisade Wall x4 |
| 11:22 | DS_Le Cuack |Youtube Twitch| · wall_segment Palisade Wall x1 |
| 11:28 | DS_Le Cuack |Youtube Twitch| · wall_segment Palisade Wall x1 |
| 11:30 | DS_Le Cuack |Youtube Twitch| · wall_segment Palisade Wall x1 |
| 11:33 | DS_Le Cuack |Youtube Twitch| · wall_segment Palisade Wall x1 |
| 13:26 | DS_Le Cuack |Youtube Twitch| · wall_segment Palisade Wall x3 |
| 14:11 | Malelf · wall_segment Palisade Wall x1 |
| 14:16 | Malelf · wall_segment Palisade Wall x4 |
| 14:17 | Malelf · wall_segment Palisade Wall x8 |
| 17:53 | Malelf · wall_segment Palisade Wall x3 |
| 19:23 | DS_Le Cuack |Youtube Twitch| · first_building Stable |
| 19:56 | Malelf · wall_segment Palisade Wall x1 |
| 20:32 | Malelf · wall_segment Palisade Wall x1 |
| 22:40 | DS_Le Cuack |Youtube Twitch| · age_up castle |
| 22:46 | DS_Le Cuack |Youtube Twitch| · first_building Castle |
| 22:47 | Malelf · first_market_buy 100 food |
| 23:16 | Malelf · wall_segment Palisade Wall x1 |
| 24:20 | DS_Le Cuack |Youtube Twitch| · first_market_sell 100 food |
| 24:24 | DS_Le Cuack |Youtube Twitch| · first_market_buy 100 food |
| 24:50 | Malelf · wall_segment Palisade Wall x1 |
| 24:52 | Malelf · wall_segment Palisade Wall x1 |
| 25:36 | Malelf · age_up castle |
| 25:59 | Malelf · first_market_sell 100 food |
| 26:51 | DS_Le Cuack |Youtube Twitch| · wall_segment Palisade Wall x1 |
| 26:52 | DS_Le Cuack |Youtube Twitch| · wall_segment Palisade Wall x1 |
| 28:11 | Malelf · wall_segment Palisade Wall x1 |
| 29:04 | Malelf · first_building Monastery |
| 29:46 | DS_Le Cuack |Youtube Twitch| · first_building Monastery |
| 30:46 | Malelf · first_building Castle |
| 31:07 | DS_Le Cuack |Youtube Twitch| · wall_segment Palisade Wall x1 |
| 39:39 | Malelf · age_up imperial |
| 42:58 | DS_Le Cuack |Youtube Twitch| · age_up imperial |
| 48:53 | DS_Le Cuack |Youtube Twitch| · resign |
[ AI ANALYSIS · 1 CREDIT ]
What really happened in this match?
Wolo.gg analyzes every decision: build order, eco, micro, common mistakes by bracket. Personalized analysis on WhatsApp or Discord in 30 seconds.
Civ guide
Chinese
Perfil
Malelf